 Dungeon Sprint DCSS version 0.17-a0-1830-g81820eb (webtiles) character file.

1369 Kidiri the Blocker (level 8, -9/54 HPs)
             Began as a Gargoyle Fighter on Sept 13, 2015.
             Was a Believer of Okawaru.
             Mangled by Erolcha
             ... wielding a +0 giant spiked club
              (20 damage)
             ... in the Dungeon (Sprint III: "The Ten Rune Challenge").
             The game lasted 00:06:36 (2260 turns).

Kidiri the Blocker (Gargoyle Fighter)               Turns: 2260, Time: 00:06:37

Health: -9/54      AC: 14    Str: 20    XL:     8   Next: 65%
Magic:  8/8        EV: 11    Int:  9    God:    Okawaru [**....]
Gold:   44         SH: 12    Dex: 11    Spells: 0 memorised, 7 levels left

rFire  . . .     SeeInvis .     a - +0 flail
rCold  . . .     Clarity  .     b - +0 scale mail
rNeg   + . .     SustAt   .     c - +0 shield
rPois  ∞         Gourm    .     (no helmet)
rElec  +         Spirit   .     (no cloak)
rCorr  .         Warding  .     (no gloves)
rMut   .         NoTele   +     (no boots)
MR     .....                    (no amulet)
Stlth  ..........               (no ring)
                                (no ring)

@: not resistant to hostile enchantments, extremely unstealthy
A: negative energy resistance 1, electricity resistance, wild magic 1,
unbreathing, petrification resistance, rot immunity, AC +5
a: Heroism, Renounce Religion


You were in the Dungeon.
You worshipped Okawaru.
Okawaru was pleased with you.
You were not hungry.

You visited 1 branch You collected 44 gold pieces.

Inventory:

Hand weapons
 a - a +0 flail (weapon)
Armour
 b - a +0 scale mail (worn)
 c - a +0 shield (worn)
Scrolls
 k - a scroll of blinking
 m - 2 scrolls of holy word {unknown}
 o - 4 scrolls of remove curse
Potions
 d - a potion of might
 h - a potion of haste
 i - 2 potions of magic
 q - a potion of brilliance
 r - a potion of flight {unknown}
 s - a potion of cure mutation
Comestibles
 e - 2 bread rations
 g - 5 chunks of flesh


   Skills:
 + Level 7.9 Fighting
 * Level 9.7 Maces & Flails
 * Level 10.7 Armour
 + Level 5.3 Dodging
 * Level 10.8 Shields


You had 7 spell levels left.
You didn't know any spells.

Dungeon Overview and Level Annotations

Branches:
Dungeon (1/1)

Altars:
Cheibriados
Dithmenos
Elyvilon
Fedhas
Gozag
Kikubaaqudgha
Makhleb
Nemelex Xobeh
Okawaru
Qazlal
Ru
Sif Muna
Trog
Vehumet
Xom
Yredelemnul
Zin
The Shining One
Jiyva
Lugonu

Annotations:
D Erolcha


Innate Abilities, Weirdness & Mutations

You are resistant to torment.
Your stone body is resilient (AC +5).
You are immune to poison.
You resist negative energy.
You are resistant to electric shocks.
You can survive without breathing.
You are immune to petrification.
You are immune to rotting.
Your spells are a little harder to cast, but a little more powerful.


Message History

* * * LOW HITPOINT WARNING * * *
Unknown command.
You thump Erolcha!
Erolcha is heavily wounded.
You hit Erolcha but do no damage.
Erolcha is heavily wounded.
Erolcha points at you and mumbles some strange words.
The bolt of cold hits you!
* * * LOW HITPOINT WARNING * * *
Unknown command.
Drink which item? (? for menu, Esc to quit)
You feel better. Erolcha barely misses you.
You hit Erolcha.
Erolcha is heavily wounded.
Erolcha points at you and mumbles some strange words.
The crystal spear misses you.
You hit Erolcha.
Erolcha is heavily wounded.
Erolcha hits you with a giant spiked club!!
You die...

##### [#__# .#[_#
##'## ....# ....#
###'#
#...#+##############
#...#....#.#.#..@OC#
#...##.#..#.##.###.#
#...'##.#.#.##)#..##
+...#.).#..#..##..
▓▓▓▓▓▓▓▓▓▓▓▓▓▓▓▓▓▓


You could see a hill giant and Erolcha.

Vanquished Creatures
  A deep elf priest (D)
  A shadow (D)
  A hill giant (D)
  A spatial vortex (D)
  A necrophage (D)
  3 two-headed ogres (D)
  A water elemental (D)
  A wizard (D)
  A jelly (D)
  Jessica (D)
  A necromancer (D)
  3 humans (D)
  A kobold demonologist (D)
  2 oozes (D)
  A phantom (D)
  A rat (D)
21 creatures vanquished.

Vanquished Creatures (others)
  2 draconian scorchers (D)
  2 yaktaurs (D)
4 creatures vanquished.

Grand Total: 25 creatures vanquished

Notes
Turn   | Place    | Note
--------------------------------------------------------------
     0 | D        | Kidiri the Gargoyle Fighter began the quest for the Orb.
     0 | D        | Reached XP level 1. HP: 14/14 MP: 1/1
     9 | D        | Reached skill level 4 in Armour
     9 | D        | Reached skill level 1 in Dodging
     9 | D        | Reached XP level 2. HP: 19/19 MP: 2/2
    42 | D        | Noticed Jessica
    47 | D        | Killed Jessica
    47 | D        | Reached XP level 3. HP: 13/24 MP: 3/3
    82 | D        | Killed a yaktaur
   208 | D        | Killed a white draconian scorcher
   209 | D        | Reached skill level 5 in Armour
   209 | D        | Reached skill level 5 in Shields
   244 | D        | Killed a white draconian scorcher
   458 | D        | Reached XP level 4. HP: 12/30 MP: 4/4
   630 | D        | Gained mutation: You can spit weak poison. [potion of mutation]
   630 | D        | Gained mutation: Your spells are a little harder to cast, but a little more powerful. [potion of mutation]
   630 | D        | Gained mutation: You are weak. (Str -2) [potion of mutation]
   631 | D        | Gained mutation: Your magical capacity is low (-10% MP). [potion of mutation]
   631 | D        | Gained mutation: You have a pair of small horns on your head. [potion of mutation]
   632 | D        | Lost mutation: You can spit weak poison. [potion of mutation]
   632 | D        | Gained mutation: Your spells are harder to cast, but more powerful. [potion of mutation]
   658 | D        | Noticed a water elemental
   680 | D        | Killed a water elemental
   680 | D        | Reached skill level 5 in Maces & Flails
   680 | D        | Reached skill level 6 in Armour
   680 | D        | Reached XP level 5. HP: 22/34 MP: 4/4
   937 | D        | Found an iron altar of Okawaru.
   938 | D        | Found a bloodstained altar of Trog.
   938 | D        | Noticed a human
   939 | D        | Noticed a human
   992 | D        | Killed a human
   992 | D        | Reached skill level 5 in Fighting
   992 | D        | Reached skill level 7 in Armour
   992 | D        | Reached XP level 6. HP: 33/41 MP: 5/5
  1006 | D        | Killed a human
  1006 | D        | Reached skill level 8 in Armour
  1007 | D        | Lost mutation: You are weak. (Str -2) [potion of cure mutation]
  1007 | D        | Lost mutation: Your magical capacity is low (-10% MP). [potion of cure mutation]
  1007 | D        | Lost mutation: Your spells are harder to cast, but more powerful. [potion of cure mutation]
  1007 | D        | Lost mutation: You have a pair of small horns on your head. [potion of cure mutation]
  1072 | D        | Became a worshipper of Warmaster Okawaru
  1129 | D        | Found a radiant altar of Vehumet.
  1129 | D        | Found a deep blue altar of Sif Muna.
  1129 | D        | Found an ancient bone altar of Kikubaaqudgha.
  1129 | D        | Noticed a wizard
  1133 | D        | Paralysed by a wizard for 7 turns
  1142 | D        | Paralysed by a wizard for 5 turns
  1156 | D        | Noticed a blue devil
  1159 | D        | Noticed a chaos spawn
  1163 | D        | Killed a wizard
  1163 | D        | Reached XP level 7. HP: 45/47 MP: 7/7
  1199 | D        | Found a glowing silver altar of Zin.
  1200 | D        | Found a glowing golden altar of the Shining One.
  1200 | D        | Found a white marble altar of Elyvilon.
  1200 | D        | Noticed a deep elf priest
  1204 | D        | Killed a deep elf priest
  1204 | D        | Reached skill level 9 in Armour
  1290 | D        | Found a snail-covered altar of Cheibriados.
  1290 | D        | Noticed a necrophage
  1292 | D        | Noticed a necromancer
  1296 | D        | Killed a necrophage
  1296 | D        | Acquired Okawaru's first power
  1300 | D        | Killed a necromancer
  1301 | D        | Found a basalt altar of Yredelemnul.
  1301 | D        | Found a blossoming altar of Fedhas.
  1354 | D        | Noticed a jelly
  1365 | D        | Killed a jelly
  1410 | D        | Noticed a shadow
  1425 | D        | Killed a shadow
  1425 | D        | Reached skill level 10 in Armour
  1425 | D        | Reached skill level 10 in Shields
  1425 | D        | Reached XP level 8. HP: 20/53 MP: 8/8
  1620 | D        | Found a stormy altar of Qazlal.
  1621 | D        | Found a sacrificial altar of Ru.
  1621 | D        | Found a burning altar of Makhleb.
  1621 | D        | Found a viscous altar of Jiyva.
  1621 | D        | Found a shimmering altar of Xom.
  1621 | D        | Found a shadowy altar of Dithmenos.
  1621 | D        | Found a sparkling altar of Nemelex Xobeh.
  1621 | D        | Found a corrupted altar of Lugonu.
  1621 | D        | Found an opulent altar of Gozag.
  1621 | D        | Noticed a spatial vortex
  1640 | D        | Killed a spatial vortex
  1640 | D        | Reached skill level 5 in Dodging
  1825 | D        | Noticed a two-headed ogre
  1825 | D        | Noticed a two-headed ogre
  1831 | D        | Noticed a two-headed ogre
  1834 | D        | Killed a two-headed ogre
  1844 | D        | Killed a two-headed ogre
  1853 | D        | Killed a two-headed ogre
  1967 | D        | Killed a yaktaur
  2058 | D        | Noticed a hill giant
  2073 | D        | Killed a hill giant
  2244 | D        | Noticed a hill giant
  2244 | D        | Noticed Erolcha
  2257 | D        | HP: 2/54 [Erolcha/bolt of cold (12)]
  2260 | D        | Mangled by Erolcha

Vault maps used:
D:        dungeon_sprint_mu

Action                   |  1- 3 |  4- 6 |  7- 9 || total
-------------------------+-------+-------+-------++-------
Melee: Flail             |    42 |    60 |    89 ||   191
Invok: Heroism           |       |       |     2 ||     2
  Use: Potion            |       |     6 |     3 ||     9
       Scroll            |       |     1 |       ||     1
  Eat: Royal jelly       |       |     1 |     1 ||     2
       Chunk             |       |       |     1 ||     1
